| TOP OF THE 1ST |
|
University of Toronto Marlies batting - Pitching for University of Arizona Wildcats : LHP Grisha Bakhovtsev
|
|
Pitching: LHP Grisha Bakhovtsev
|
|
|
Batting: LHB Efrem Isaev
|
0-0: Foul Ball, location: 2F 0-1: Called Strike 0-2: Ground out U3 (Groundball, 34S, EV 88.8 MPH)
|
|
Batting: SHB Jose Melendez
|
0-0: Called Strike 0-1: Ball 1-1: Called Strike 1-2: Ground out 6-3 (Groundball, 6, EV 99.4 MPH)
|
|
Batting: SHB Jack Tierney
|
0-0: Ball 1-0: Ball 2-0: Called Strike 2-1: Foul Ball, location: 2F 2-2: Ball 3-2: Base on Balls
|
|
Batting: RHB Elmar Adenauer
|
0-0: Ball 1-0: Ball 2-0: Foul Ball, location: 2F 2-1: Ground out 4-3 (Groundball, 4, EV 85.6 MPH)
|
| Top of the 1st over - 0 runs, 0 hits, 0 errors, 1 left on base; University of Toronto 0 - University of Arizona 0 |
| BOTTOM OF THE 1ST |
|
University of Arizona Wildcats batting - Pitching for University of Toronto Marlies : RHP Matt Lane
|
|
Pitching: RHP Matt Lane
|
|
|
Batting: LHB Pascal Noël
|
0-0: Ball 1-0: Called Strike 1-1: Ball 2-1: Called Strike 2-2: Strikes out swinging
|
|
Batting: LHB Jere Paatelainen
|
0-0: Swinging Strike 0-1: Ball 1-1: Ball 2-1: Bunted foul 2-2: Strikes out swinging
|
|
Batting: RHB Ricardo Fernandez
|
0-0: Called Strike 0-1: Foul Ball, location: 2F 0-2: Ball 1-2: Foul Ball, location: 2F 1-2: Strikes out swinging
|
| Bottom of the 1st over - 0 runs, 0 hits, 0 errors, 0 left on base; University of Toronto 0 - University of Arizona 0 |
| TOP OF THE 2ND |
|
University of Toronto Marlies batting - Pitching for University of Arizona Wildcats : LHP Grisha Bakhovtsev
|
|
Pitching: LHP Jamal Jeter
|
|
|
Batting: RHB Jeff McClellan
|
0-0: Ball 1-0: Foul Ball, location: 2F 1-1: Fly out, F8 (Flyball, 8RM, EV 88.8 MPH)
|
|
Batting: RHB Charlie Townend
|
0-0: Swinging Strike 0-1: Foul Ball, location: 2F 0-2: Ball 1-2: Strikes out swinging
|
|
Batting: RHB Rich Vanegas
|
0-0: Ball 1-0: Fly out, F9 (Flyball, 9D, EV 98.1 MPH)
|
| Top of the 2nd over - 0 runs, 0 hits, 0 errors, 0 left on base; University of Toronto 0 - University of Arizona 0 |
| BOTTOM OF THE 2ND |
|
University of Arizona Wildcats batting - Pitching for University of Toronto Marlies : RHP Matt Lane
|
|
Batting: LHB Mark Harris
|
0-0: Ball 1-0: Fly out, F6 (Line Drive, 6, EV 68.8 MPH)
|
|
Batting: RHB Ron Dondale
|
0-0: Ball 1-0: Swinging Strike 1-1: Ball 2-1: Swinging Strike 2-2: Ball 3-2: Strikes out looking
|
|
Batting: LHB Andrew Davis
|
0-0: Foul Ball, location: 2F 0-1: Ball 1-1: Ball 2-1: Called Strike 2-2: Ball 3-2: Ground out 2-3 (Groundball, 2L, EV 70.0 MPH)
|
| Bottom of the 2nd over - 0 runs, 0 hits, 0 errors, 0 left on base; University of Toronto 0 - University of Arizona 0 |
| TOP OF THE 3RD |
|
University of Toronto Marlies batting - Pitching for University of Arizona Wildcats : LHP Jamal Jeter
|
|
Pitching: RHP Rogelio Chavez
|
|
|
Batting: SHB Conrade Gordon
|
0-0: Called Strike 0-1: Ball 1-1: Ball 2-1: Ball 3-1: Fly out, F8 (Flyball, 8LS, EV 84.4 MPH)
|
|
Batting: LHB Greg Robertson
|
0-0: Called Strike 0-1: Ball 1-1: Ball 2-1: Called Strike 2-2: Ball 3-2: Base on Balls
|
|
Batting: LHB Efrem Isaev
|
0-0: Ball 1-0: Foul Ball, location: 2F 1-1: 2-RUN HOME RUN (Flyball, 89XD, EV 102.5 MPH), Distance : 418 ft
|
|
Batting: SHB Jose Melendez
|
0-0: Called Strike 0-1: Swinging Strike 0-2: Ball 1-2: Ball 2-2: SINGLE (Line Drive, 9S, EV 89.4 MPH)
|
|
Batting: SHB Jack Tierney
|
0-0: Ball 1-0: Foul Ball, location: 2F 1-1: Ball 2-1: Ball 3-1: Called Strike 3-2: Foul Ball, location: 2F 3-2: Foul Ball, location: 2F 3-2: Foul Ball, location: 2F 3-2: Fly out, F8 (Flyball, 8LM, EV 88.8 MPH)
|
|
Batting: RHB Elmar Adenauer
|
0-0: SINGLE (Groundball, 6MD, EV 94.4 MPH) Jose Melendez to second Runner from 2nd tries for 3rd, SAFE, no throw by CF
|
|
Batting: RHB Jeff McClellan
|
0-0: Fly out, F4 (Line Drive, 4, EV 67.5 MPH)
|
| Top of the 3rd over - 2 runs, 3 hits, 0 errors, 2 left on base; University of Toronto 2 - University of Arizona 0 |
| BOTTOM OF THE 3RD |
|
University of Arizona Wildcats batting - Pitching for University of Toronto Marlies : RHP Matt Lane
|
|
Batting: RHB Gustavo Rodriguez
|
0-0: SINGLE (Flyball, 56D, EV 88.1 MPH)
|
|
Batting: RHB Vince Parris
|
0-0: Fly out, F2 (Popup, 5SF, EV 90.0 MPH)
|
|
Batting: RHB Tatsuro Hamasaki
|
0-0: Ball 1-0: Ball 2-0: Ball 3-0: Base on Balls Gustavo Rodriguez to second
|
|
Batting: LHB Pascal Noël
|
0-0: Swinging Strike 0-1: Ball 1-1: Ball 2-1: Ball 3-1: Called Strike 3-2: Base on Balls Gustavo Rodriguez to third Tatsuro Hamasaki to second
|
|
Batting: LHB Jere Paatelainen
|
0-0: Called Strike 0-1: Called Strike 0-2: Ball 1-2: Fly out, F8 (Flyball, 89M, EV 88.8 MPH)
|
|
Batting: RHB Ricardo Fernandez
|
0-0: Called Strike 0-1: Called Strike 0-2: Ball 1-2: Ball 2-2: Strikes out swinging
|
| Bottom of the 3rd over - 0 runs, 1 hit, 0 errors, 3 left on base; University of Toronto 2 - University of Arizona 0 |
| TOP OF THE 4TH |
|
University of Toronto Marlies batting - Pitching for University of Arizona Wildcats : RHP Rogelio Chavez
|
|
Batting: RHB Charlie Townend
|
0-0: Foul Ball, location: 2F 0-1: Foul Ball, location: 2F 0-2: Ball 1-2: Ball 2-2: Foul Ball, location: 2F 2-2: Foul Ball, location: 2F 2-2: Ball 3-2: Fly out, F4 (Popup, 34D, EV 58.8 MPH)
|
|
Batting: RHB Rich Vanegas
|
0-0: Ball 1-0: Ball 2-0: Ball 3-0: Called Strike 3-1: Base on Balls
|
|
Pitching: LHP Victor Silva
|
|
|
Batting: SHB Conrade Gordon
|
0-0: Ball 1-0: Called Strike 1-1: Ball 2-1: Grounds into double play, 6-4-3 (Groundball, 6, EV 101.9 MPH)
|
| Top of the 4th over - 0 runs, 0 hits, 0 errors, 0 left on base; University of Toronto 2 - University of Arizona 0 |
| BOTTOM OF THE 4TH |
|
University of Arizona Wildcats batting - Pitching for University of Toronto Marlies : RHP Matt Lane
|
|
Batting: LHB Mark Harris
|
0-0: Swinging Strike 0-1: Ball 1-1: Ground out 6-3 (Groundball, 6S, EV 66.9 MPH)
|
|
Batting: RHB Ron Dondale
|
0-0: Fly out, F7 (Flyball, 7, EV 88.8 MPH)
|
|
Batting: LHB Andrew Davis
|
0-0: Ball 1-0: Swinging Strike 1-1: Ball 2-1: Swinging Strike 2-2: Strikes out looking
|
| Bottom of the 4th over - 0 runs, 0 hits, 0 errors, 0 left on base; University of Toronto 2 - University of Arizona 0 |
| TOP OF THE 5TH |
|
University of Toronto Marlies batting - Pitching for University of Arizona Wildcats : LHP Victor Silva
|
|
Pitching: LHP Matt Waterbury
|
|
|
Now at C: George Grace
|
|
|
Batting: LHB Greg Robertson
|
0-0: Fly out, F7 (Line Drive, 7, EV 91.9 MPH)
|
|
Batting: LHB Efrem Isaev
|
0-0: Ball 1-0: Ball 2-0: Fly out, F8 (Line Drive, 78D, EV 90.0 MPH)
|
|
Pinch Hitting: RHB Akichika Yamano
|
0-0: Ball 1-0: Ball 2-0: Ball 3-0: Base on Balls
|
|
Batting: SHB Jack Tierney
|
0-0: Fielders Choice at 2nd, U4 (Groundball, 4M, EV 100.0 MPH)
|
| Top of the 5th over - 0 runs, 0 hits, 0 errors, 1 left on base; University of Toronto 2 - University of Arizona 0 |
| BOTTOM OF THE 5TH |
|
University of Arizona Wildcats batting - Pitching for University of Toronto Marlies : RHP Matt Lane
|
|
Now at 1B: Logan Johnson
|
|
|
Now in CF: Efrem Isaev
|
|
|
Batting: RHB Gustavo Rodriguez
|
0-0: Foul Ball, location: 2F 0-1: Swinging Strike 0-2: Ball 1-2: Strikes out looking
|
|
Batting: RHB Vince Parris
|
0-0: Ball 1-0: Swinging Strike 1-1: Swinging Strike 1-2: Ball 2-2: Strikes out swinging
|
|
Batting: RHB Tatsuro Hamasaki
|
0-0: Ground out 6-3 (Groundball, 6, EV 84.4 MPH)
|
| Bottom of the 5th over - 0 runs, 0 hits, 0 errors, 0 left on base; University of Toronto 2 - University of Arizona 0 |
| TOP OF THE 6TH |
|
University of Toronto Marlies batting - Pitching for University of Arizona Wildcats : LHP Matt Waterbury
|
|
Now at 1B: Jake Heller
|
|
|
Now in LF: Lihau Keawe
|
|
|
Pinch Hitting: SHB Shannon Britten
|
0-0: Ball 1-0: Ground out 6-3 (Groundball, 6, EV 90.0 MPH)
|
|
Batting: RHB Jeff McClellan
|
0-0: SINGLE (Groundball, 56D, EV 105.6 MPH)
|
|
Batting: RHB Charlie Townend
|
0-0: Ball 1-0: Ball 2-0: Ball 3-0: Base on Balls Jeff McClellan to second
|
|
Batting: RHB Luke Stannard
|
0-0: Grounds into double play, 5-4-3 (Groundball, 56, EV 92.5 MPH)
|
| Top of the 6th over - 0 runs, 1 hit, 0 errors, 1 left on base; University of Toronto 2 - University of Arizona 0 |
| BOTTOM OF THE 6TH |
|
University of Arizona Wildcats batting - Pitching for University of Toronto Marlies : RHP Matt Lane
|
|
Pitching: RHP Brad Cannell
|
|
|
Now at 3B: Shannon Britten
|
|
|
Batting: LHB Pascal Noël
|
0-0: Foul Ball, location: 2F 0-1: Called Strike 0-2: Ball 1-2: Strikes out swinging
|
|
Batting: LHB Jere Paatelainen
|
0-0: Swinging Strike 0-1: Ground out 4-3 (Groundball, 4, EV 104.4 MPH)
|
|
Batting: SHB George Grace
|
0-0: Called Strike 0-1: Ball 1-1: Foul Ball, location: 2F 1-2: DOUBLE (Line Drive, 78M, EV 109.4 MPH)
|
|
Batting: RHB Eddy Amaya
|
0-0: Foul Ball, location: 2F 0-1: Swinging Strike 0-2: Strikes out swinging
|
| Bottom of the 6th over - 0 runs, 1 hit, 0 errors, 1 left on base; University of Toronto 2 - University of Arizona 0 |
| TOP OF THE 7TH |
|
University of Toronto Marlies batting - Pitching for University of Arizona Wildcats : LHP Matt Waterbury
|
|
Pitching: RHP Chris Galloway
|
|
|
Batting: SHB Conrade Gordon
|
0-0: Called Strike 0-1: SINGLE (Line Drive, 6D, EV 98.8 MPH)
|
|
Batting: LHB Greg Robertson
|
0-0: Foul Ball, location: 2F 0-1: Called Strike 0-2: Fly out, F8 (Flyball, 8RD, EV 100.0 MPH)
|
|
Batting: LHB Efrem Isaev
|
0-0: Ball 1-0: Swinging Strike 1-1: Foul Ball, location: 2F 1-2: Fielders Choice at 2nd, 5-4 (Groundball, 56, EV 88.1 MPH)
|
|
Batting: RHB Logan Johnson
|
0-0: Fly out, F8 (Flyball, 8LD, EV 92.5 MPH)
|
| Top of the 7th over - 0 runs, 1 hit, 0 errors, 1 left on base; University of Toronto 2 - University of Arizona 0 |
| BOTTOM OF THE 7TH |
|
University of Arizona Wildcats batting - Pitching for University of Toronto Marlies : RHP Brad Cannell
|
|
Pitching: RHP Paul Riley
|
|
|
Batting: RHB Ron Dondale
|
0-0: Ball 1-0: Called Strike 1-1: Ball 2-1: Foul Ball, location: 2F 2-2: Strikes out looking
|
|
Batting: LHB Andrew Davis
|
0-0: Foul Ball, location: 2F 0-1: Swinging Strike 0-2: Ball 1-2: SINGLE (Groundball, 34D, EV 96.2 MPH)
|
|
Batting: LHB Lihau Keawe
|
0-0: Ball 1-0: Ball 2-0: Ball 3-0: Called Strike 3-1: Foul Ball, location: 2F 3-2: Foul Ball, location: 2F 3-2: Fly out, F8 (Flyball, 8LD, EV 85.0 MPH)
|
|
Batting: LHB Jake Heller
|
0-0: Ball 1-0: Ball 2-0: Fly out, F9 (Flyball, 9, EV 90.6 MPH)
|
| Bottom of the 7th over - 0 runs, 1 hit, 0 errors, 1 left on base; University of Toronto 2 - University of Arizona 0 |
| TOP OF THE 8TH |
|
University of Toronto Marlies batting - Pitching for University of Arizona Wildcats : RHP Chris Galloway
|
|
Pitching: RHP Jairo Picano
|
|
|
Batting: SHB Jack Tierney
|
0-0: Ball 1-0: Called Strike 1-1: Called Strike 1-2: Fly out, F8 (Flyball, 8LD, EV 98.1 MPH)
|
|
Batting: SHB Shannon Britten
|
0-0: Ground out U3 (Groundball, 3, EV 80.6 MPH)
|
|
Batting: RHB Jeff McClellan
|
0-0: Ball 1-0: Called Strike 1-1: Swinging Strike 1-2: Foul Ball, location: 2F 1-2: Ground out 6-3 (Groundball, 6, EV 86.9 MPH)
|
| Top of the 8th over - 0 runs, 0 hits, 0 errors, 0 left on base; University of Toronto 2 - University of Arizona 0 |
| BOTTOM OF THE 8TH |
|
University of Arizona Wildcats batting - Pitching for University of Toronto Marlies : RHP Paul Riley
|
|
Pitching: RHP Aaron Knight
|
|
|
Batting: RHB Tatsuro Hamasaki
|
0-0: Ball 1-0: Ball 2-0: Ball 3-0: Called Strike 3-1: Foul Ball, location: 2F 3-2: Base on Balls
|
|
Batting: LHB Pascal Noël
|
0-0: Foul Ball, location: 2F 0-1: Foul Ball, location: 2F 0-2: Ball 1-2: Strikes out swinging
|
|
Batting: LHB Jere Paatelainen
|
0-0: Ball 1-0: Ball 2-0: Ball 3-0: Called Strike 3-1: Base on Balls Tatsuro Hamasaki to second
|
|
Batting: SHB George Grace
|
0-0: Called Strike 0-1: Swinging Strike 0-2: Ball 1-2: Strikes out looking
|
|
Batting: RHB Eddy Amaya
|
0-0: Ball 1-0: Ball 2-0: Swinging Strike 2-1: Fly out, F7 (Flyball, 7D, EV 96.2 MPH)
|
| Bottom of the 8th over - 0 runs, 0 hits, 0 errors, 2 left on base; University of Toronto 2 - University of Arizona 0 |
| TOP OF THE 9TH |
|
University of Toronto Marlies batting - Pitching for University of Arizona Wildcats : RHP Jairo Picano
|
|
Pitching: LHP Lance Freake
|
|
|
Batting: RHB Charlie Townend
|
0-0: Called Strike 0-1: Fly out, F8 (Line Drive, 8RM, EV 94.4 MPH)
|
|
Batting: RHB Luke Stannard
|
0-0: Called Strike 0-1: Ball 1-1: Ball 2-1: Swinging Strike 2-2: Foul Ball, location: 2F 2-2: Strikes out swinging
|
|
Batting: SHB Conrade Gordon
|
0-0: Ball 1-0: Ball 2-0: Called Strike 2-1: Fly out, F7 (Flyball, 78M, EV 88.8 MPH)
|
| Top of the 9th over - 0 runs, 0 hits, 0 errors, 0 left on base; University of Toronto 2 - University of Arizona 0 |
| BOTTOM OF THE 9TH |
|
University of Arizona Wildcats batting - Pitching for University of Toronto Marlies : RHP Aaron Knight
|
|
Pitching: LHP Nick Holt
|
|
|
Pinch Hitting: RHB Larry Harlow
|
0-0: Ball 1-0: Foul Ball, location: 2F 1-1: Swinging Strike 1-2: Ball 2-2: Ball 3-2: Strikes out swinging
|
|
Batting: LHB Andrew Davis
|
0-0: Foul Ball, location: 2F 0-1: Ball 1-1: Foul Ball, location: 2F 1-2: Strikes out swinging
|
|
Batting: LHB Lihau Keawe
|
0-0: Ball 1-0: Foul Ball, location: 2F 1-1: Ball 2-1: Called Strike 2-2: Foul Ball, location: 2F 2-2: Ground out 6-3 (Groundball, 6, EV 86.2 MPH)
|
| Bottom of the 9th over - 0 runs, 0 hits, 0 errors, 0 left on base; University of Toronto 2 - University of Arizona 0 |
|